 Dungeon Crawl Stone Soup version 0.31-a0-700-gf13585253f (webtiles) character file.

Game seed: 14075767571591837448

273 arglypuff the Covered (level 6, 0/38 HPs)
             Began as a Gargoyle Fighter on Sept 8, 2023.
             Shot with a sling bullet by a goblin (3 damage)
             ... on level 3 of the Dungeon.
             The game lasted 00:03:19 (1325 turns).

arglypuff the Covered (Gargoyle Fighter)            Turns: 1325, Time: 00:03:20

Health: 0/38       AC: 12    Str: 21    XL:     6   Next: 23%
Magic:  6/6        EV:  9    Int:  9    God:
Gold:   148        SH:  4    Dex:  9    Spells: 5/5 levels left

rFire   . . .        a - +0 flail
rCold   . . .        c - +0 buckler
rNeg    + . .        b - +0 scale mail
rPois   ∞            (no helmet)
rElec   +            m - +0 cloak
rCorr   .            (no gloves)
SInv    .            (no boots)
Will    .....        (no amulet) Stlth
                     (no ring)
HPRegen 0.26/turn    (no ring)
MPRegen 0.10/turn

%: no passive effects
@: mighty
A: sickness immunity, AC +4, negative energy resistance 1, electricity
resistance, torment resistance 1, petrification resistance
a: no special abilities


You were on level 3 of the Dungeon.
You visited 1 branch of the dungeon, and saw 3 of its levels.

You collected 148 gold pieces.

Inventory:

Hand Weapons
 a - a +0 flail (weapon)
Armour
 b - a +0 scale mail (worn)
 c - a +0 buckler (worn)
 m - a +0 cloak (worn)
Jewellery
 e - an amulet of faith
Talismans
 f - a talisman of death
Scrolls
 g - 2 scrolls of identify {unknown}
 j - a scroll of amnesia {unknown}
 k - 2 scrolls of poison {unknown}
 n - a scroll of fog {unknown}
Potions
 h - a potion of attraction {unknown}
 i - 3 potions of heal wounds {unknown}
 l - a potion of brilliance {unknown}


   Skills:
 + Level 4.1 Fighting
 + Level 3.9 Maces & Flails
 + Level 4.5 Armour
 + Level 1.5 Dodging
 + Level 0.2 Stealth
 + Level 4.2 Shields


You had 5 spell levels left.
You didn't know any spells.
Your spell library contained the following spells:

 Spells                   Type           Power      Damage    Failure   Level
 Necrotise                Necr           0%         1d4       78%         1
 Ensorcelled Hibernation  Hex/Ice        0%         N/A       89%         2
 Jinxbite                 Hex            0%         N/A       89%         2
 Frozen Ramparts          Ice            0%         1d1       98%         3
 Vampiric Draining        Necr           0%         2d6       98%         3
 Anguish                  Hex/Necr       0%         N/A       100%        4
 Petrify                  Tmut/Erth      0%         N/A       100%        4
 Agony                    Necr           0%         N/A       100%        5
 Metabolic Englaciation   Hex/Ice        0%         N/A       100%        5


Dungeon Overview and Level Annotations

Branches:
Dungeon (3/15)

Altars:

Annotations:
D:3 Terence


Innate Abilities, Weirdness & Mutations

You are immune to sickness and miasma.
Your stone body is resilient. (AC +4)
You are immune to poison.
You resist negative energy. (rN+)
You are resistant to electric shocks. (rElec)
You are resistant to unholy torment.
You are immune to petrification.


Message History

Your Fighting skill increases to level 4!
Your Maces & Flails skill increases to level 3!
Your Shields skill increases to level 4!
You have reached level 5!
You have reached level 6!
Terence hits you with a +0 trident.
* * * LOW HITPOINT WARNING * * *
You closely miss Terence.
The goblin shoots a sling bullet.
The sling bullet hits you but does no damage.
Terence hits you with a +0 trident.
* * * LOW HITPOINT WARNING * * *
The goblin shoots a sling bullet.
The sling bullet barely misses you.
The sling bullet hits Terence.
You closely miss Terence.
Terence is lightly wounded.
Terence hits you but does no damage.
The goblin shoots a sling bullet.
The sling bullet barely misses you.
The sling bullet barely misses Terence.
You hit Terence but do no damage.
Terence is lightly wounded.
Terence closely misses you.
The goblin shoots a sling bullet.
You block the sling bullet.
You barely miss Terence.
Terence is lightly wounded.
Terence barely misses you.
The goblin shoots a sling bullet.
You block the sling bullet. Terence hits you but does no damage.
You barely miss Terence.
Terence is lightly wounded.
The goblin shoots a sling bullet.
The sling bullet closely misses you.
The sling bullet barely misses Terence.
Terence misses you.
The goblin shoots a sling bullet.
The sling bullet hits you but does no damage.
You barely miss Terence.
Terence is lightly wounded.
Terence closely misses you.
The goblin shoots a sling bullet.
The sling bullet hits you but does no damage.
You hit Terence.
Terence is moderately wounded.
Terence hits you but does no damage.
The goblin shoots a sling bullet.
The sling bullet hits you.
You die...

. .........# .. #.
##........# #. #..
.........#. .. ...(
#......... #@
#..##.#g. ###...
#....#.# #....#
####.#.# #.##.#
#####...# #@##.#
#......#### #@##.#
#.###...g.# #.##.#
##.##.###g##.#######
#.##.#......#.....##
#.##.g.............##
##.##................#
#...#....<...........#
#...#................#
#....................#


You could see Terence and a goblin.

Vanquished Creatures
  Grinder (D:3)
  Jessica (D:2)
  A dart slug (D:1)
  2 ball pythons (D:1)
  5 endoplasms
  10 hobgoblins
  7 jackals (D:1)
  2 quokkas
  7 bats
  A frilled lizard (D:1)
  2 goblins
  3 kobolds
  A rat (D:1)
43 creatures vanquished.

Notes
Turn   | Place    | Note
-------+----------+-------------------------------------------
     0 | D:1      | arglypuff the Gargoyle Fighter began the quest for the Orb.
     0 | D:1      | Reached XP level 1. HP: 14/14 MP: 1/1
    33 | D:1      | Reached XP level 2. HP: 19/19 MP: 2/2
   348 | D:1      | Reached XP level 3. HP: 24/24 MP: 3/3
   967 | D:2      | Noticed Jessica
   984 | D:2      | Killed Jessica
   985 | D:2      | Reached skill level 1 in Dodging
   985 | D:2      | Reached XP level 4. HP: 21/29 MP: 4/4
  1280 | D:3      | Noticed Grinder
  1304 | D:3      | Paralysed by Grinder for 2 turns
  1310 | D:3      | Noticed Terence
  1317 | D:3      | Killed Grinder
  1318 | D:3      | Reached XP level 5. HP: 5/33 MP: 5/5
  1318 | D:3      | Reached XP level 6. HP: 6/38 MP: 6/6
  1319 | D:3      | HP: 1/38 [Terence/+0 trident (3)]
  1325 | D:3      | Shot with a sling bullet by a goblin

Illustrated notes

Levels and vault maps discovered:
D:1:      spicycebolla_arrival_risky_transporter, layout_basic
D:2:      layout_rooms, uniq_jessica
D:3:      layout_rooms, grunt_dithmenos_smoke_and_mirrors,
          chequers_ecumenical_altar_simple, uniq_grinder, uniq_terence,
          uniq_sigmund

Skill      XL: |  1  2  3  4 |
---------------+-------------+-----
Armour         | 4 |  4.5
Dodging        | 1 |  1.5
Fighting       | 4 |  4.1
Maces & Flails | 3 |  3.9
Shields        | 4 |  4.2
Stealth        | |  0.2

Action                     |  1- 3 |  4- 6 || total
---------------------------+-------+-------++-------
  Melee: Flail             |   131 |    25 ||   156
    Use: Potion            |       |     1 ||     1
 Armour: Scale mail        |   112 |    26 ||   138
  Dodge: Dodged            |    80 |    19 ||    99
  Block: Buckler           |    31 |     8 ||    39

Table legend: (Time is in decaauts)
 A = Elapsed time spent in this place.
 B = Non-inter-level travel time spent in this place.
 C = Inter-level travel time spent in this place.
 D = Time resting spent in this place.
 E = Time spent auto-exploring this place.
 F = Levels seen in this place.
 G = Mean time per level.
                   A        B        C        D        E       F      G
               +--------+--------+--------+--------+--------+-----+--------+
         Total |   1371 |   1309 |     62 |      0 |    950 |   3 |  457.0 |
       Dungeon |   1371 |   1309 |     62 |      0 |    950 |   3 |  457.0 |
               +--------+--------+--------+--------+--------+-----+--------+

Top non-repeatable levels by time:
     D:1: 730 daAuts
     D:2: 558 daAuts
     D:3: 82 daAuts
